 Dungeon Crawl Stone Soup version 0.30-a0-930-gb9d0489357 (webtiles) character file.

Game seed: 2050578274075239303

118 jimonade the Chopper (level 5, -12/46 HPs)
             Began as a Hill Orc Fighter on Mar 23, 2023.
             Killed by divine providence
             ... invoked by an orc priest
              (15 damage)
             ... on level 3 of the Dungeon.
             The game lasted 00:03:58 (2525 turns).

jimonade the Chopper (Hill Orc Fighter)             Turns: 2525, Time: 00:03:58

Health: -12/46     AC: 10    Str: 19    XL:     5   Next: 2%
Magic:  5/5        EV:  7    Int: 10    God:
Gold:   128        SH:  4    Dex: 10    Spells: 4/4 levels left

rFire   . . .      SeeInvis .    a - +0 war axe
rCold   . . .      Faith    .    c - +0 buckler
rNeg    . . .      Spirit   .    e - +0 chain mail
rPois   .          Reflect  .    (no helmet)
rElec   .          Rampage  .    q - +0 cloak
rCorr   .                        (no gloves)
Will    .....                    (no boots) Stlth
                                 (no amulet)
HPRegen 0.27/turn                (no ring)
MPRegen 0.09/turn                (no ring)

@: no status effects
A: no striking features
a: Convert to Beogh


You were on level 3 of the Dungeon.
You visited 1 branch of the dungeon, and saw 3 of its levels.

You collected 128 gold pieces.

Inventory:

Hand Weapons
 a - a +0 war axe (weapon)
Armour
 b - a +0 scale mail
 c - a +0 buckler (worn)
 e - a +0 chain mail (worn)
 q - a +0 cloak (worn)
 s - a +0 ring mail
Jewellery
 o - a ring of fire
Scrolls
 f - a scroll of poison {unknown}
 g - a scroll of magic mapping {unknown}
 i - a scroll of fear {unknown}
 j - 2 scrolls of amnesia {unknown}
 k - 4 scrolls of identify {unknown}
 l - 2 scrolls of vulnerability {unknown}
 n - a scroll of teleportation {unknown}
 t - a scroll of blinking {unknown}
 u - a scroll of torment {unknown}
 v - a scroll of fog {unknown}
 w - a scroll of enchant armour {unknown}
 y - 2 scrolls of noise {unknown}
Potions
 d - a potion of might
 h - a potion of degeneration {unknown}
 m - a potion of lignification {unknown}
 p - 2 potions of magic {unknown}
 r - a potion of curing {unknown}
 x - a potion of attraction {unknown}


   Skills:
 + Level 4.2 Fighting
 + Level 4.6 Axes
 + Level 4.2 Armour
 + Level 3.8 Shields


You had 4 spell levels left.
You didn't know any spells.
Your spell library contained the following spells:

 Spells                   Type           Power      Damage    Failure   Level
 Necrotise                Necr           0%         1d4       99%         1
 Blink                    Tloc           0%         N/A       100%        2
 Ensorcelled Hibernation  Hex/Ice        0%         N/A       100%        2
 Lesser Beckoning         Tloc           0%         N/A       100%        2
 Momentum Strike          Conj/Tloc      0%         3d8       100%        2
 Poisonous Vapours        Pois/Air       0%         N/A       100%        2
 Spider Form              Tmut/Pois      0%         N/A       100%        3
 Vampiric Draining        Necr           0%         2d6       100%        3
 Anguish                  Hex/Necr       0%         N/A       100%        4
 Fulminant Prism          Conj/Hex       0%         3d5       100%        4
 Olgreb's Toxic Radiance  Pois           0%         N/A       100%        4
 Agony                    Necr           0%         N/A       100%        5


Dungeon Overview and Level Annotations

Branches:
Dungeon (3/15)

Altars:

Annotations:
D:3 2 transporters


Message History

The orc hits you but does no damage.
The orc priest begins to cast a cantrip, but forgets the words!
The orc closely misses you. The orc hits you but does no damage.
You block the orc's attack.
The orc priest invokes the aid of Beogh against you.
Beogh smites you! The orc hits you but does no damage.
You closely miss the orc priest. You hit the orc.
The orc priest looks encouraged for a moment.
You block the orc's attack. The orc barely misses you.
The orc priest hits you with a +0 flail.
You slash the orc priest!
The orc priest is almost dead.
You barely miss the orc.
The orc priest hits you with a +0 flail.
The orc hits you with a +0 dagger.
You closely miss the orc priest.
The orc priest is almost dead.
You hit the orc.
The orc priest hits you but does no damage.
The orc hits you but does no damage.
The orc priest begins to cast a cantrip, but forgets the words!
The orc hits you but does no damage.
The orc priest mumbles some strange prayers to Beogh against you.
Beogh smites you!
* * * LOW HITPOINT WARNING * * *
You block the orc's attack.
The orc priest hits you with a +0 flail.
* * * LOW HITPOINT WARNING * * *
The orc hits you but does no damage. The orc priest closely misses you.
The orc hits you with a +0 dagger.
* * * LOW HITPOINT WARNING * * *
The orc priest hits you but does no damage.
The orc hits you with a +0 dagger.
* * * LOW HITPOINT WARNING * * *
The orc priest shouts, "Surrender to Beogh and we'll let you live!"
The orc priest barely misses you. The orc closely misses you.
The orc priest mumbles some strange prayers to Beogh against you.
Beogh smites you!
You die...

.............##..#
...#.........##..#
...##........##..#
....#......####..#
...##......####..#
.................#
..... .....####..#
..####
.........o####.##
.........@ooo....
###.#..#.###o#.##
# ##...# # ##..#
.#.. .##.. .# #.##
.. #..


You could see an orc priest and 4 orcs.

Vanquished Creatures
  An orc priest (D:3)
  3 adders (D:2)
  A worm (D:2)
  5 orcs
  3 giant cockroaches (D:2)
  4 goblins
  2 hobgoblins
  5 jackals
  7 quokkas
  6 bats
  3 frilled lizards (D:2)
  6 kobolds
  8 rats
54 creatures vanquished.

Notes
Turn   | Place    | Note
-------+----------+-------------------------------------------
     0 | D:1      | jimonade the Hill Orc Fighter began the quest for the Orb.
     0 | D:1      | Reached XP level 1. HP: 19/19 MP: 1/1
   158 | D:1      | Found a faded altar of an unknown god.
   184 | D:1      | Reached XP level 2. HP: 27/27 MP: 2/2
   657 | D:1      | Got the Commentary on Contamination and Misfortune
  1137 | D:2      | Reached XP level 3. HP: 18/33 MP: 3/3
  1605 | D:2      | Reached XP level 4. HP: 38/40 MP: 4/4
  2072 | D:3      | Found a transporter.
  2232 | D:3      | Found a transporter.
  2361 | D:3      | Reached XP level 5. HP: 46/46 MP: 5/5
  2525 | D:3      | Killed from afar by an orc priest

Illustrated notes

Levels and vault maps discovered:
D:1:      matt_arrival_refuge, layout_basic, hellmonk_ecumenical_altar_blasted
D:2:      layout_loops_corners, hangedman_decor_growths, minmay_pentomino_z2
D:3:      gammafunk_steamed_eel, layout_basic, hex_intersection

Skill      XL: |  1  2  3  4 |
---------------+-------------+-----
Fighting       | 4 |  4.2
Axes           | 3 4 |  4.6
Armour         | 4 |  4.2
Shields        | |  3.8

Action                     |  1- 3 |  4- 6 || total
---------------------------+-------+-------++-------
  Melee: War axe           |   109 |    59 ||   168
 Armour: Chain mail        |    65 |    58 ||   123
  Dodge: Dodged            |    29 |    29 ||    58
  Block: Buckler           |    24 |    22 ||    46

Table legend: (Time is in decaauts)
 A = Elapsed time spent in this place.
 B = Non-inter-level travel time spent in this place.
 C = Inter-level travel time spent in this place.
 D = Time resting spent in this place.
 E = Time spent auto-exploring this place.
 F = Levels seen in this place.
 G = Mean time per level.
                   A        B        C        D        E       F      G
               +--------+--------+--------+--------+--------+-----+--------+
         Total |   2589 |   2499 |     90 |     73 |   1868 |   3 |  863.0 |
       Dungeon |   2589 |   2499 |     90 |     73 |   1868 |   3 |  863.0 |
               +--------+--------+--------+--------+--------+-----+--------+

Top non-repeatable levels by time:
     D:2: 1186 daAuts
     D:1: 723 daAuts
     D:3: 679 daAuts
